Map: Tokamak LE

Players

Krystianer

  • Race: Protoss Protoss
  • Spawn Location: 7:00

Percival - Winner!

  • Race: Terran Terran
  • Spawn Location: 1:00

VOD

Have the link to the VOD?

Description

Time

  • Played on: Aug. 26, 2025, 9:12 a.m.
  • Length: 9:42
Show
View Real Time Build Order
Export as new Build Order

Krystianer Protoss 

Build Orders: 1 Gate Expand, Blink Stalkers 

Get SALT Encoding   

  12  0:00  Probe  
  13  0:12  Probe  
  14  0:18  Pylon  
  14  0:24  Probe  
  15  0:32  Probe  
  15  0:39  Gateway  
  15  0:40  Probe  
  16  0:46  Assimilator  
  17  0:51  Probe  
  18  1:03  Probe  
  19  1:15  Probe  
  20  1:28  Cybernetics Core  
  20  1:38  Nexus  
  20  1:43  Probe  
  21  1:50  Pylon  
  21  1:55  Probe  
  21  1:58  Adept  
  21  2:00  Assimilator  
  24  2:09  Probe  
  24  2:11  Warp Gate  
  25  2:18  Adept  
  25  2:21  Probe  
  28  2:33  Probe  
  29  2:43  Twilight Council  
  29  2:45  Probe  
  29  2:50  Stalker  
  30  2:51  Probe  
  30  2:54  Blink  
  30  2:58  Probe  
  34  3:03  Probe  
  35  3:10  Probe  
  36  3:13  Gateway  
  36  3:24  Shield Battery  
  36  3:25  Probe x2  
  38  3:32  Gateway  
  38  3:38  Gateway  
  38  3:41  Probe  
  39  3:43  Probe  
  36  3:58  Probe  
  36  4:00  Stalker  
  38  4:03  Probe  
  38  4:09  Stalker  
  41  4:24  Stalker  
  39  4:26  Stalker  
  38  4:33  Stalker x2  
  38  4:35  Probe  
  42  4:40  Probe  
  42  4:46  Pylon  
  42  4:47  Stalker, Probe  
  42  4:50  Robotics Facility  
  42  4:52  Probe  
  46  5:04  Probe x2  
  46  5:05  Nexus  
  48  5:16  Stalker x2, Probe  
  54  5:23  Assimilator  
  54  5:24  Pylon  
  54  5:25  Probe  
  54  5:35  Charge  
  54  5:36  Observer  
  54  5:42  Probe x2  
  57  5:43  Forge  
  57  5:44  Pylon  
  57  5:50  Observer  
  57  5:54  Probe x2  
  57  5:55  Protoss Ground Weapons Level 1  
  60  6:00  Gateway  
  60  6:01  Gateway  
  60  6:03  Gateway  
  60  6:06  Probe x2  
  62  6:12  Gateway x2  
  62  6:18  Probe  
  62  6:19  Probe x2  
  65  6:26  Zealot, Pylon, Sentry  
  65  6:31  Zealot  
  65  6:32  Zealot  
  73  6:40  Pylon  
  73  6:41  Pylon  
  73  6:42  Probe x3  
  76  6:53  Templar Archives  
  76  6:56  Stalker  
  76  6:57  Zealot x2  
  76  6:59  Zealot  
  84  7:04  Stalker  
  80  7:14  Probe x2  
  80  7:18  Sentry  
  80  7:19  Zealot x5  
  92  7:26  Zealot x2  
  92  7:28  Pylon  
  96  7:40  Zealot x4  
  96  7:41  Zealot x2  
  106  7:53  Zealot, High Templar x2  
  112  8:00  Archon  
  112  8:01  Zealot x2  
  112  8:04  Pylon  
  115  8:05  Pylon  
  115  8:07  Pylon  
  115  8:09  Pylon  
  105  8:21  Pylon  
  105  8:23  Pylon  
  97  8:28  Zealot x6  
  97  8:32  Zealot  
  95  8:41  High Templar x2  
  77  8:45  Archon  
  77  8:46  Assimilator  
  79  8:48  Stalker x3  
  85  8:58  Stalker  
  85  9:01  Stalker  
  85  9:05  Zealot  
  85  9:06  Zealot  
  68  9:22  Zealot x5  
  68  9:23  Zealot  
Show
View Real Time Build Order
Export as new Build Order

Percival Terran - Winner!

Build Orders: Cyclone Opening 

Get SALT Encoding   

  12  0:00  SCV  
  13  0:12  SCV  
  14  0:18  Supply Depot  
  14  0:24  SCV  
  15  0:30  Refinery  
  15  0:40  SCV  
  16  0:44  Barracks  
  16  0:52  SCV  
  17  1:04  SCV  
  18  1:07  Engineering Bay  
  18  1:16  SCV  
  19  1:31  Marine, Orbital Command  
  20  1:36  Factory  
  20  1:44  Supply Depot  
  20  1:51  Barracks Reactor  
  20  1:57  SCV  
  21  2:11  SCV  
  22  2:17  Command Center  
  22  2:20  Factory Tech Lab  
  22  2:23  SCV  
  22  2:28  Marine x2  
  25  2:33  Supply Depot  
  25  2:41  Cyclone  
  28  2:47  Marine x2  
  28  2:49  SCV  
  31  2:52  Refinery  
  31  3:01  Barracks  
  31  3:03  SCV  
  32  3:09  Marine  
  32  3:10  Marine  
  34  3:18  Cyclone  
  37  3:20  SCV  
  38  3:27  Marine  
  38  3:28  Marine  
  40  3:34  SCV  
  40  3:36  Starport  
  41  3:44  Orbital Command  
  41  3:46  SCV  
  41  3:49  Marine  
  42  3:58  SCV  
  42  4:00  Marine  
  43  4:07  Marine  
  43  4:10  SCV, Supply Depot  
  43  4:11  Factory Tech Lab  
  43  4:12  SCV  
  44  4:18  Marine x2  
  44  4:22  SCV  
  44  4:23  Stimpack  
  45  4:25  Medivac  
  45  4:26  SCV  
  48  4:34  Marine  
  48  4:35  SCV, Marine  
  48  4:36  Marine  
  48  4:38  SCV  
  49  4:41  Siege Tank  
  47  4:45  Supply Depot  
  47  4:46  Refinery  
  47  4:48  SCV  
  47  4:50  SCV  
  47  4:52  Marine  
  50  4:53  Marine  
  50  4:54  Marine  
  50  4:58  Medivac  
  54  5:04  SCV x2  
  56  5:08  Barracks  
  56  5:10  Marine  
  56  5:11  Marine  
  56  5:13  Marine  
  56  5:20  Siege Tank  
  59  5:24  Engineering Bay  
  59  5:25  SCV x2  
  59  5:28  Marine  
  62  5:29  Marine  
  59  5:37  SCV x2  
  59  5:38  Marine  
  62  5:48  Supply Depot  
  62  5:49  SCV  
  64  5:50  SCV  
  64  5:52  Marine x2, Siege Tank  
  64  5:54  Starport Reactor  
  64  5:56  Marine  
  68  5:57  Barracks Tech Lab  
  68  6:01  SCV  
  68  6:02  SCV  
  70  6:04  Combat Shield  
  70  6:08  Refinery  
  70  6:10  Supply Depot x2  
  70  6:12  Terran Infantry Weapons Level 1  
  70  6:14  Marine x2  
  70  6:16  Marine x2  
  74  6:25  Barracks x2  
  74  6:28  Siege Tank  
  74  6:32  Marine x2  
  78  6:34  Marine x2  
  78  6:37  SCV x2, Supply Depot  
  83  6:42  Supply Depot  
  83  6:49  Medivac x2  
  83  6:50  Marine x2  
  83  6:52  Marine x2  
  91  6:56  SCV  
  92  7:01  Siege Tank  
  92  7:08  Marine x2  
  96  7:10  Marine x2  
  97  7:18  Marine x2  
  97  7:21  Liberator  
  100  7:26  Marine x2, Liberator  
  100  7:28  Marine x2  
  105  7:35  Marine  
  105  7:36  Marine  
  106  7:43  Marine  
  106  7:44  Marine, Siege Tank  
  108  7:49  Marine  
  108  7:50  Marine  
  108  7:53  Marine  
  102  8:04  Marine x3  
  105  8:09  Marine x2  
  105  8:11  Marine  
  105  8:22  Marine x3  
  105  8:27  Marine  
  105  8:28  Marine  
  105  8:30  Marine  
  91  8:40  Marine  
  91  8:41  Marine  
  78  8:42  Marine  
  80  8:49  Marine  
  80  8:53  Marine x2  
  78  9:08  Marine x4  
  81  9:11  Marine  
  78  9:21  Marine  
Tags
 
Add a new tag
Caveats
  • Supply blocks, unpowered buildings, or Contaminate may cause inaccurate times.
  • Supply counts are checked every 10 seconds.